 Dungeon Crawl Stone Soup version 0.32-a0-841-g4648e6c457 (webtiles) character file.

Game seed: 14510631082593098600

359520 Xavori the Metamorph (level 23, -20/211 HPs)
             Began as a Djinni Chaos Knight on Mar 26, 2024.
             Was a Favourite Plaything of Xom.
             Demolished by a balrug
             ... wielding a +0 demon whip of draining
              (27 damage)
             ... in a wizard's laboratory.
             The game lasted 01:10:43 (34695 turns).

Xavori the Metamorph (Djinni Chaos Knight)         Turns: 34695, Time: 01:10:44

Health: -20/211    AC: 12    Str: 13    XL:     23   Next: 81%
Gold:   6933       EV: 35    Int: 30    God:    Xom [...*..] SH:  0 Dex: 30

rFire   . . .        C - melded +9 double sword (vamp)
rCold   . . .        T - melded +2 buckler {rC+}
rNeg    + + +        G - melded +5 plate armour of Lung {*Corrode +Inv Regen+ Slay+5}
rPois   ∞            (helmet currently unavailable)
rElec   +            U - melded +2 cloak {rCorr}
rCorr   .            I - melded +2 pair of gloves of Macakk {rC+ MP+9 SInv}
SInv    .            (boots unavailable)
Will    +++++        n - amulet "Mioli" {rElec Regen+ Str+2}
Stlth   +            M - ring of Juq Keirera {rElec Int+2 Dex+6}
HPRegen 2.95/turn    b - ring "Zoadek" {+Blink rN+ Will+++ Int+6 Stlth-}
MPRegen 0.00/turn

%: infuse magic (-21 HP)
@: on fire, about to teleport, fungus-form, flying, glowing, studying Long
Blades
A: melee confuse, terrified, flying, no casting, sickness immunity, tiny, (fire
resistance 3), (cold vulnerability 1), float, innate caster, HP casting, extra
vitality 1, (antennae 2), (iridescent scales 1), (camouflage 1), agile 2, clever
2, strong-willed 2, mutation resistance 1, regeneration 2, robust 3, (shaggy fur
1), wild magic 3, MP-powered wands, persistent drain
}: 1/15 runes: gossamer
a: Renounce Religion, Evoke Blink


You were in a wizard's laboratory.
You worshipped Xom.
You were a favourite toy of Xom.
You were a sentient fungus.
You visited 7 branches of the dungeon, and saw 34 of its levels.
You visited 1 bazaar.
You also visited: Trove, Sewer, Ossuary, Bailey, Gauntlet, Volcano and Wizlab.

You collected 7434 gold pieces.
You spent 501 gold pieces at shops.

Inventory:

Hand Weapons
 C - a +9 vampiric double sword (melded)
 Y - a +2 double sword of freezing
Armour
 s - the scarf of the Nice God {repulsion, rF- rC+++ Int-2 Stlth+}
   (You found it in a treasure trove)

   Int-2:     It affects your intelligence (-2).
   rF-:       It makes you vulnerable to fire.
   rC+++:     It renders you almost immune to cold.
   Stlth+:    It makes you more stealthy.
 E - a +1 kite shield of reflection
 G - the +5 plate armour of Lung (melded) {*Corrode +Inv Regen+ Slay+5}
   (You took it off a gnoll bouda on level 8 of the Dungeon)

   Slay+5:    It affects your accuracy & damage with ranged weapons and melee
   (+5).
   +Inv:      It lets you turn invisible.
   Regen+:    It increases your rate of health regeneration.
   *Corrode:  It may corrode you when you take damage.
 I - the +2 pair of gloves of Macakk (melded) {rC+ MP+9 SInv}
   (You found it on level 9 of the Dungeon)

   rC+:       It protects you from cold.
   MP+9:      It affects your magic capacity (+9).
   SInv:      It lets you see invisible.
 T - a +2 buckler of cold resistance (melded)
 U - a +2 cloak of preservation (melded)
Jewellery
 b - the ring "Zoadek" (right hypha) {+Blink rN+ Will+++ Int+6 Stlth-}
   (You acquired it on level 2 of the Lair of Beasts)

   [ring of intelligence]

   Int+6:     It affects your intelligence (+6).
   rN+:       It protects you from negative energy.
   Will+++:   It greatly increases your willpower.
   +Blink:    It lets you blink.
   Stlth-:    It makes you less stealthy.
 m - the ring of Lady Luck {rF+ Will+ rCorr Str-2 Dex+4}
   (You found it in a treasure trove)

   [ring of willpower]

   Str-2:     It affects your strength (-2).
   Dex+4:     It affects your dexterity (+4).
   rF+:       It protects you from fire.
   Will+:     It increases your willpower.
   rCorr:     It protects you from acid and corrosion.
 n - the amulet "Mioli" (around neck) {rElec Regen+ Str+2}
   (You found it on level 3 of the Elven Halls)

   [amulet of regeneration]

   Str+2:     It affects your strength (+2).
   rElec:     It insulates you from electricity.
   Regen+:    It increases your rate of health regeneration.
 M - the ring of Juq Keirera (left hypha) {rElec Int+2 Dex+6}
   (You found it in a Gauntlet)

   [ring of dexterity]

   Int+2:     It affects your intelligence (+2).
   Dex+6:     It affects your dexterity (+6).
   rElec:     It insulates you from electricity.
Talismans
 Z - a talisman of death
Wands
 l - a wand of charming (41)
 t - a wand of flame (109)
 y - a wand of digging (37)
 D - a wand of warping (27)
 J - a wand of light (28)
 L - a wand of mindburst (54)
Scrolls
 c - a scroll of butterflies
 d - 11 scrolls of teleportation
 i - 4 scrolls of fog
 k - 7 scrolls of enchant armour
 p - 3 scrolls of silence
 q - 4 scrolls of blinking
 w - 5 scrolls of summoning
 A - 4 scrolls of brand weapon
 B - 5 scrolls of poison
 F - 8 scrolls of immolation
 H - 3 scrolls of torment
 K - 5 scrolls of revelation
 N - 6 scrolls of fear
 W - 8 scrolls of vulnerability
Potions
 e - 5 potions of resistance
 f - 17 potions of heal wounds
 g - 10 potions of enlightenment
 h - 9 potions of might
 j - 7 potions of lignification
 o - 25 potions of curing
 r - 7 potions of brilliance
 u - 3 potions of berserk rage
 v - 9 potions of mutation
 x - 2 potions of cancellation
 z - 5 potions of ambrosia
 Q - 2 potions of invisibility
Miscellaneous
 a - a phantom mirror
 O - a tin of tremorstones (2/2)
 P - a lightning rod (4/4)
 V - a phial of floods
 X - a sack of spiders


   Skills:
 - Level 13.8 Fighting
 - Level 16.4 Long Blades
 - Level 15.1 Armour
 - Level 11.0 Dodging
 - Level 10.3 Shields
 - Level 11.9 Spellcasting
 - Level 11.9 Conjurations
 - Level 11.9 Hexes
 - Level 11.9 Summonings
 - Level 11.9 Necromancy
 - Level 11.9 Translocations
 - Level 11.9 Fire Magic
 - Level 11.9 Ice Magic
 - Level 11.9 Air Magic
 - Level 11.9 Earth Magic
 - Level 11.9 Alchemy
 - Level 9.9 Evocations
 * Level 19.5 Shapeshifting


You knew the following spells:

 Your Spells              Type           Power      Damage    Failure   Level
a - Foxfire               Conj/Fire      100%       2x1d9     1%          1
b - Ensorcelled Hibernat  Hex/Ice        100%       N/A       1%          2
c - Call Canine Familiar  Summ           100%       N/A       1%          3
d - Teleport Other        Tloc           100%       N/A       1%          3
e - Fireball              Conj/Fire      53%        3d21      5%          5
f - Iskenderun's Battles  Conj           100%       2d15      5%          5
g - Dispersal             Tloc           53%        N/A       13%         6
h - Sculpt Simulacrum     Ice/Alch       53%        N/A       13%         6
i - Bombard               Conj/Erth      53%        9d9       13%         6
j - Monstrous Menagerie   Summ           53%        N/A       43%         7
k - Spellforged Servitor  Conj/Summ      53%        N/A       43%         7
Your spell library was empty.

Dungeon Overview and Level Annotations

Branches:
Dungeon (15/15)            Temple (0/1) D:5            Lair (5/5) D:11
 Shoals (0/4) Lair:3       Spider (4/4) Lair:2        Slime (0/5) Lair:4
    Orc (2/2) D:12            Elf (3/3) Orc:2        Vaults (4/5) D:13
  Crypt (0/3) Vaults:2     Depths (1/4) D:15          Sewer (visited)
Ossuary (visited)          Bailey (visited)         Volcano (visited)
 WizLab (1/1)             Gauntlet (visited)

Altars:
Makhleb
Xom
Beogh
Jiyva

Shops:
D:4 !   D:5 *   D:14 *   Orc:1 *   Orc:2 =(*[(   Elf:2 (   Vaults:2 (
Vaults:4 (

Portals:
Hell: Depths:1

Annotations:
D:15 6 transporters
Orc:2 1 runed translucent door, exclusion: 4 orange crystal statues WizLab 6 transporters, exclusion: 2 obsidian statues


Innate Abilities, Weirdness & Mutations

You are a sentient fungus.
You are tiny and evasive.
Your melee attack releases spores that confuse breathing creatures.
You become terrified and freeze when enemies are visible.
You are flying.
Your armour is entirely melded.
You are incapable of wielding weapons or throwing items.
You cannot cast spells.
You are immune to sickness and miasma.
You are immune to poison.
((Your flesh is almost immune to the effects of heat. (rF+++)))
((You are vulnerable to cold. (rC-)))
You float through the air rather than walking.
You learn spells naturally, not from books.
Your magical power is your life essence.
You have superior vitality. (+4 MHP)
((You have a pair of antennae on your head.))
((You are partially covered in iridescent scales. (AC +2)))
((Your skin changes colour to match your surroundings (Stealth+).))
You are very agile. (Dex +8, Str/Int -2)
Your mind is very acute. (Int +8, Str/Dex -2)
You are highly strong-willed. (Will++)
You are somewhat resistant to further mutation.
You heal very quickly.
You are extremely robust. (+30% HP)
((You are covered in fur. (AC +1)))
Your spells are much harder to cast, but much more powerful.
You expend health (3 HP) to strengthen your wands.
Your health recovers twice as slowly from being drained.


Message History

Something smites you!
The eldritch tentacle barely misses you.
The eldritch tentacle completely misses you.
The obsidian statue's eyes glow briefly.
The chaos spawn closely misses you.
The smoke demon gestures at the obsidian statue.
Something smites you! The ice devil completely misses you.
Unknown command.
Unknown command.
You closely miss the balrug. The liquid fire burns you!
You feel you are being watched by something.
The balrug barely misses you. The eldritch tentacle slaps you.
You are engulfed in flames!!
The eldritch tentacle completely misses you.
Unknown command.
Unknown command.
You release spores at the ice devil but do no damage.
The ice devil appears confused.
The liquid fire burns you!
The obsidian statue's eyes glow briefly.
The obsidian statue attempts to bespell you!
You resist with almost no effort. The chaos spawn completely misses you.
Unknown command.
Unknown command.
You strike the helpless ice devil from behind!
You release spores at the ice devil but do no damage.
The ice devil appears confused.
The liquid fire burns you!
* * * LOW HITPOINT WARNING * * *
The eldritch tentacle slaps you but does no damage.
The eldritch tentacle claws you.
* * * LOW HITPOINT WARNING * * *
The eldritch tentacle freezes you!!
* * * LOW HITPOINT WARNING * * *
The balrug hits you with a +0 demon whip of draining!
* * * LOW HITPOINT WARNING * * *
You are engulfed in flames!!
You die...
Xom thinks this is hilarious!

.©.#^##.^..#.#.##.#..###
#..#.#.#.###..##≈.^#...#
###'..#..###.≈.≈#.###.≈#####
##.....#......#.#.##...#.^.#
....≈≈#..#.#...#.#..#≈#..#.#
##.#.^.######©######.#.#.#.#
#..#^.####§.###.§####..≈#.##
.#.#..####§§.#.w2####.#.#..#
...≈.## #©.§?./.f§# ##....^#
{ ..#.#.#
§)..│[44.§^#.#.≈.## .≈#..##
..[#*#?..?.##.####
#.#.#.##...##I##...##.#.^.#
##[^#≈∩##..3._.4..##∩##^.##
#...#.##..5##I##...##.#.#.##
{ ##†#.##
§[?#*#Λ..§§##...#.# #.^.≈.#
§....V.w§§§#.####.# #.##.##
#∩../.[..⌠# ##.##.###


You could see 2 eldritch tentacles, a balrug, 2 obsidian statues, a hellwing
(summoned), an ice devil (summoned, confused), a smoke demon (summoned), a chaos
spawn (summoned) and an iron imp (summoned).

Vanquished Creatures
  Norris (Vaults:1)
  Arachne (Spider:3)
  2 deep elf blademasters (Elf:3)
  A lich (Depths:1)
  Asterion (Elf:1)
  A quicksilver dragon (Vaults:4)
  Frances (Elf:1)
  An ancient champion (Vaults:2)
  2 deep elf master archers (Elf:3)
  A tengu reaver (Vaults:3)
  The ghost of Kidef the Severer, an adept FoFi of Okawaru (D:15)
  Donald (Vaults:4)
  2 fire giants
  A frost giant (Vaults:4)
  2 orc warlords
  2 deep elf sorcerers (Elf:3)
  5 ghost moths
  A deep elf elementalist (Elf:3)
  6 emperor scorpions
  A ghoul (Vaults:2)
  22 vault wardens
  2 very ugly things
  A formless jellyfish (Vaults:4)
  A stone giant (Depths:1)
  The ghost of Veikh the Unseen, a journeyman SpDe of Dithmenos (D:15)
  18 ironbound preservers
  9 broodmothers
  The ghost of Lurir the Spry, a journeyman KoHu of Okawaru (Elf:3)
  8 ironbound thunderhulks
  5 deep elf demonologists (Elf:3)
  5 deep elf death magi (Elf:3)
  Nessos (Lair:5)
  A minotaur (Gauntlet)
  A war gargoyle (Vaults:2)
  4 deep elf annihilators (Elf:3)
  5 spark wasps
  The ghost of Zizatayzxib the Thaumaturge, a journeyman DjFE of Makhleb (D:13)
  7 dire elephants
  Azrael (Elf:1)
  7 ettins
  A fire dragon (shapeshifter) (Spider:4)
  A fire dragon (Depths:1)
  2 deep elf high priests
  4 entropy weavers
  16 vault guards
  7 yaktaur captains
  An ice dragon (Depths:1)
  A spriggan air mage (Depths:1)
  4 radroaches
  4 great orbs of eyes
  A hell beast (Depths:1)
  10 hydras
  A catoblepas (Lair:5)
  12 ironbound frosthearts
  The ghost of Ynexoj the Summoner, a journeyman TeSu of Ashenzari (Spider:3)
  An ogre mage (D:15)
  A merfolk avatar (Lair:5)
  29 dancing weapons
  14 two-headed ogres
  9 centaur warriors
  7 boulder beetles
  7 deep troll earth magi
  4 hell hogs (Depths:1)
  2 deep troll shamans (Depths:1)
  6 tengu warriors
  2 occultists (Volcano)
  3 orc high priests
  7 demonic crawlers
  3 hell knights
  2 sun demons (Depths:1)
  An emperor scorpion zombie (WizLab)
  15 deep elf knights
  A salamander mystic (Depths:1)
  4 skysharks
  4 skeletal warriors
  3 soul eaters (Depths:1)
  A sixfirhy (Gauntlet)
  6 pharaoh ants
  An iron troll (Depths:1)
  A sea snake (Lair:5)
  54 deep trolls
  2 large abominations (WizLab)
  9 arcanists
  3 glowing orange brains
  5 orb spiders
  11 deep elf archers
  4 steelbarb worms
  17 ironbound convokers
  3 thermic dynamos
  A steelbarb worm (shapeshifter) (Vaults:4)
  2 phantasmal warriors
  An obsidian bat (Orc:2)
  25 ugly things
  5 harpies (Vaults:2)
  18 deep elf zephyrmancers
  5 necromancers
  13 orc knights
  22 wolf spiders
  17 deep elf pyromancers
  5 manticores
  4 salamanders (Depths:1)
  4 orc sorcerers
  6 cyclopes
  Maurice (D:9)
  A shadow dragon skeleton (Vaults:4)
  9 elephants
  6 meliai
  4 moths of wrath
  2 kobold blastminers
  11 vault sentinels
  5 toenail golems (Volcano)
  A black mamba (Lair:3)
  A water nymph (shapeshifter) (D:15)
  A merfolk siren (Lair:3)
  A gargoyle (D:12)
  A torpor snail (Spider:2)
  2 smoke demons (Depths:1)
  A minotaur zombie (Gauntlet)
  14 cane toads
  8 komodo dragons
  8 rime drakes
  2 kobold demonologists (D:13)
  An unseen horror (D:11)
  30 yaktaurs
  3 efreet
  4 tengu conjurers
  9 trolls
  2 wind drakes (Lair:5)
  2 polar bears
  2 hornets
  34 blink frogs
  3 merfolk (Lair:3)
  2 raiju
  A snapping turtle (Lair:5)
  30 tarantellas
  4 dream sheep (Lair:5)
  32 slime creatures
  19 culicivoras
  2 centaur simulacra (Gauntlet)
  14 jumping spiders
  A vampire (D:11)
  5 air elementals
  4 water elementals
  2 shadows
  A spriggan (shapeshifter) (D:9)
  5 wraiths
  5 humans (Volcano)
  4 fire elementals
  A golden eye (shapeshifter) (WizLab)
  49 yaks
  5 basilisks
  3 wyverns
  47 redbacks
  8 wargs
  10 vampire mosquitoes
  Edmund (D:6)
  3 acid dragons
  2 hell hounds (Lair:5)
  A swamp drake (Elf:2)
  14 water moccasins
  4 black bears
  3 ice beasts
  18 orc warriors
  An ettin simulacrum (Vaults:4)
  4 laughing skulls
  12 ogres
  7 wolves (Lair:3)
  10 centaurs
  3 phantoms
  2 elf zombies
  18 kobold brigands
  A weeping skull (Gauntlet)
  A gnoll sergeant (D:9)
  22 bullfrogs
  A scorpion (D:6)
  5 earth elementals
  A cane toad simulacrum (Gauntlet)
  A troll zombie (D:12)
  9 wights
  15 killer bees
  7 howler monkeys
  3 electric eels
  2 hounds
  A gnoll bouda (D:8)
  14 orc priests
  16 jellies
  15 orc wizards
  2 sleepcaps
  2 iguanas
  A hell rat (Sewer)
  7 ogre zombies (D:12)
  3 hound zombies (Ossuary)
  4 mummies (Ossuary)
  7 gnolls
  An adder (D:4)
  5 river rats
  2 shadow imps (D:7)
  A white imp (D:7)
  8 ufetubi
  2 adder zombies (Ossuary)
  2 dart slugs
  2 ribbon worms
  51 orcs
  5 endoplasms
  6 giant cockroaches
  5 gnoll zombies (D:12)
  2 goblins
  4 hobgoblins (D:1)
  17 kobolds
  5 quokkas
  5 ball pythons
  4 bats (D:1)
  2 frilled lizards
  2 gnoll skeletons (D:12)
  2 hobgoblin zombies (Ossuary)
  2 jackal zombies (Ossuary)
  A kobold zombie (Ossuary)
  3 orc skeletons (D:12)
  16 orc zombies
  16 rats
1408 creatures vanquished.

Vanquished Creatures (collateral kills)
  A ghost moth (Spider:3)
  A centaur warrior (D:15)
  2 ogre magi (Orc:2)
  2 hydras
  2 two-headed ogres (Orc:2)
  A deep troll earth mage (Depths:1)
  An orc high priest (Orc:2)
  A pharaoh ant (Spider:3)
  An orb spider (Spider:4)
  An orc knight (Bailey)
  2 orc sorcerers (Orc:2)
  A cyclops (D:9)
  An ugly thing (D:14)
  An unseen horror (D:11)
  A yaktaur (Vaults:1)
  2 kobold demonologists (D:13)
  A slime creature (D:15)
  A yak (Lair:5)
  A fire elemental (Elf:3)
  2 redbacks (Spider:3)
  An acid dragon (D:8)
  4 orc warriors
  3 ogres (Orc:2)
  2 kobold brigands (Bailey)
  A killer bee (D:9)
  An orc priest (D:7)
  2 gnolls (D:4)
  An ufetubus (D:5)
  5 orcs
46 creatures vanquished.

Vanquished Creatures (others)
  A vault warden (Vaults:4)
  3 dancing weapons
  A demonic crawler (Spider:4)
  A deep elf knight (Elf:1)
  A deep elf pyromancer (Elf:1)
  A deep elf zephyrmancer (Elf:1)
  2 yaks
  A hell hound (Elf:1)
  An ice beast (D:8)
  3 kobold brigands (D:13)
  A mummy (Ossuary)
  A bat zombie (D:1)
  A goblin zombie (D:4)
  5 foxfires
23 creatures vanquished.

Grand Total: 1477 creatures vanquished

Notes
Turn   | Place    | Note
-------+----------+-------------------------------------------
     0 | D:1      | Xavori the Djinni Chaos Knight began the quest for the Orb.
     0 | D:1      | Reached XP level 1. HP: 20/20 MP: 0/0
    65 | D:1      | XOM: divination: magic mapping
   152 | D:1      | Reached XP level 2. HP: 25/25 MP: 0/0
   305 | D:1      | XOM: potion effect (might)
   357 | D:1      | Reached XP level 3. HP: 30/30 MP: 0/0
   357 | D:1      | Learned a level 1 spell: Foxfire
   376 | D:1      | Reached skill level 1 in Spellcasting
   376 | D:1      | Reached skill level 1 in Conjurations
   376 | D:1      | Reached skill level 1 in Hexes
   376 | D:1      | Reached skill level 1 in Summonings
   376 | D:1      | Reached skill level 1 in Necromancy
   376 | D:1      | Reached skill level 1 in Translocations
   376 | D:1      | Reached skill level 1 in Fire Magic
   376 | D:1      | Reached skill level 1 in Ice Magic
   376 | D:1      | Reached skill level 1 in Air Magic
   376 | D:1      | Reached skill level 1 in Earth Magic
   376 | D:1      | Reached skill level 1 in Alchemy
   381 | D:1      | XOM: give mutations
   381 | D:1      | Gained mutation: You have a pair of small antennae on your
                  | head. [Xom's mischief]
   381 | D:1      | Gained mutation: Your health recovers twice as slowly from
                  | being drained. [Xom's mischief]
   381 | D:1      | Gained mutation: You are agile. (Dex +4, Str/Int -1) [Xom's
                  | mischief]
   391 | D:1      | XOM: summons 2 hostile demons
   904 | D:1      | XOM: stat loss: -1 Dex (17/18)
  1161 | D:1      | XOM: silly message
  1746 | D:1      | XOM: summons 2 hostile demons
  2767 | D:1      | XOM: draining
  3204 | D:1      | XOM: give mutation
  3204 | D:1      | Gained mutation: You are partially covered in large bone
                  | plates. (SH +4) [Xom's mischief]
  3344 | D:1      | XOM: silly message
  3627 | D:1      | XOM: god gift: sharpened bronze wand {god gift}
  3702 | D:2      | XOM: scenery: summon butterflies
  3780 | D:2      | XOM: confuse monster(s)
  3787 | D:2      | Reached XP level 4. HP: 30/32 MP: 0/0
  3867 | D:2      | XOM: give mutations
  3867 | D:2      | Gained mutation: You have hidden genetic potential. [Xom's
                  | grace]
  4670 | D:3      | XOM: give mutations
  4670 | D:3      | Gained mutation: You possess an exceptional clarity of
                  | mind. [Xom's grace]
  4670 | D:3      | Gained mutation: You are very agile. (Dex +8, Str/Int -2)
                  | [Xom's grace]
  4670 | D:3      | Gained mutation: You are strong-willed. (Will+) [Xom's
                  | grace]
  5005 | D:4      | XOM: give mutations
  5005 | D:4      | Gained mutation: Your natural rate of healing is unusually
                  | fast. [Xom's grace]
  5005 | D:4      | Gained mutation: You heal very quickly. [Xom's grace]
  5033 | D:4      | Found a glowing drain.
  5040 | Sewer    | Entered a sewer
  5067 | Sewer    | Reached XP level 5. HP: 39/40 MP: 0/0
  5067 | Sewer    | Learned a level 2 spell: Ensorcelled Hibernation
  5118 | Sewer    | Gained mutation: You have a pair of antennae on your head.
                  | [hidden potential]
  5465 | D:4      | Noticed an ogre
  5470 | D:4      | XOM: butterfly on damage
  5475 | D:4      | XOM: cleaving
  5481 | D:4      | XOM: swap monsters
  5496 | D:4      | XOM: potion effect (haste)
  5499 | D:4      | Killed an ogre
  5500 | D:4      | Reached skill level 1 in Evocations
  5500 | D:4      | Reached XP level 6. HP: 47/47 MP: 0/0
  5504 | D:4      | Gained mutation: You have great hidden genetic potential.
                  | [hidden potential]
  5504 | D:4      | Lost mutation: You have great hidden genetic potential.
                  | [hidden potential expressed]
  5791 | D:4      | Found Cej Coquana's Distillery.
  5797 | D:4      | Bought a potion of heal wounds for 55 gold pieces
  5797 | D:4      | Bought 2 potions of curing for 66 gold pieces
  5982 | D:5      | Entered Level 5 of the Dungeon
  5982 | D:5      | Found Ykevau's Lightly-Used Armoury.
  6017 | D:5      | Reached XP level 7. HP: 51/51 MP: 0/0
  6017 | D:5      | Learned a level 3 spell: Call Canine Familiar
  6043 | D:5      | XOM: enchant monster (good)
  6051 | D:5      | XOM: summons friendly quasit
  6055 | D:5      | XOM: confuse monster(s)
  6077 | D:5      | Gained mutation: You passively dampen the noise of your
                  | surroundings. [hidden potential]
  6095 | D:5      | XOM: silly message
  6135 | D:5      | XOM: potion effect (berserk rage)
  6292 | D:5      | Reached XP level 8. HP: 58/58 MP: 0/0
  6371 | D:5      | XOM: butterfly on damage
  6580 | D:5      | Found a staircase to the Ecumenical Temple.
  6589 | D:5      | XOM: enchant monster (bad)
  6721 | D:6      | XOM: enchant monster (good)
  6827 | D:6      | Found a sand-covered staircase.
  6838 | Ossuary  | Entered an ossuary
  6879 | Ossuary  | XOM: give mutations
  6879 | Ossuary  | Gained mutation: Your mind is acute. (Int +4, Str/Dex -1)
                  | [Xom's grace]
  6879 | Ossuary  | Gained mutation: You are partially covered in iridescent
                  | scales. (AC +2) [Xom's grace]
  6879 | Ossuary  | Gained mutation: You expend health (3 HP) to strengthen
                  | your wands. [Xom's grace]
  6879 | Ossuary  | Gained mutation: Your muscles are strong. (Str +4, Int/Dex
                  | -1) [Xom's grace]
  7115 | D:5      | Bought a -1 double sword for 130 gold pieces
  7198 | D:6      | XOM: butterfly on damage
  7250 | D:6      | Noticed Edmund
  7261 | D:6      | Killed Edmund
  7264 | D:6      | Reached skill level 5 in Fighting
  7342 | D:6      | Reached XP level 9. HP: 63/65 MP: 0/0
  7342 | D:6      | Learned a level 3 spell: Teleport Other
  7344 | D:6      | Reached skill level 5 in Dodging
  7363 | D:6      | Gained mutation: Your mind is very acute. (Int +8, Str/Dex
                  | -2) [hidden potential]
  7363 | D:6      | Lost mutation: You have hidden genetic potential. [hidden
                  | potential expressed]
  7439 | D:6      | XOM: scenery: create altars
  7550 | D:6      | XOM: scenery: create altars
  7561 | D:6      | Reached skill level 5 in Long Blades
  7922 | D:7      | XOM: god gift: 18 gold pieces
  8058 | D:7      | XOM: summons 4 hostile demons
  8060 | D:7      | XOM: cloud trail
  8215 | D:7      | Reached skill level 5 in Armour
  8279 | D:7      | Reached XP level 10. HP: 72/72 MP: 0/0
  8439 | D:7      | Reached skill level 5 in Spellcasting
  8439 | D:7      | Reached skill level 5 in Conjurations
  8439 | D:7      | Reached skill level 5 in Hexes
  8439 | D:7      | Reached skill level 5 in Summonings
  8439 | D:7      | Reached skill level 5 in Necromancy
  8439 | D:7      | Reached skill level 5 in Translocations
  8439 | D:7      | Reached skill level 5 in Fire Magic
  8439 | D:7      | Reached skill level 5 in Ice Magic
  8439 | D:7      | Reached skill level 5 in Air Magic
  8439 | D:7      | Reached skill level 5 in Earth Magic
  8439 | D:7      | Reached skill level 5 in Alchemy
  8450 | D:7      | XOM: blink monster(s)
  8451 | D:7      | XOM: blink monster(s)
  8457 | D:7      | XOM: cast spell 'Death Channel'
  8506 | D:7      | Reached skill level 5 in Evocations
  8555 | D:7      | XOM: summons 6 friendly demons
  8866 | D:8      | XOM: god gift: +0 dire flail of chaos
  8867 | D:8      | XOM: polymorph bullfrog -> orc
  8874 | D:8      | XOM: god gift: serpent talisman
  8920 | D:8      | Noticed a cyclops
  8920 | D:8      | Noticed a tengu warrior
  8943 | D:8      | Killed a cyclops
  8964 | D:8      | Killed a tengu warrior
  9033 | D:8      | Noticed a manticore
  9033 | D:8      | Noticed a centaur warrior
  9037 | D:8      | XOM: divination: magic mapping
  9048 | D:8      | Killed a manticore
  9049 | D:8      | Reached skill level 1 in Shields
  9049 | D:8      | Reached XP level 11. HP: 36/78 MP: 0/0
  9049 | D:8      | Learned a level 5 spell: Fireball
  9063 | D:8      | XOM: noise
  9064 | D:8      | Killed a centaur warrior
  9067 | D:8      | Identified the +5 plate armour of Lung {*Corrode +Inv
                  | Regen+ Slay+5}
  9110 | D:8      | Noticed a cyclops
  9111 | D:8      | Noticed a cyclops
  9112 | D:8      | XOM: cast spell 'Leda's Liquefaction'
  9113 | D:8      | XOM: divination: detect creatures
  9116 | D:8      | XOM: silly message
  9118 | D:8      | Killed a cyclops
  9126 | D:8      | Killed a cyclops
  9245 | D:8      | XOM: divine lightning
  9519 | D:9      | Found a flagged portal.
  9554 | Bailey   | Entered a bailey
  9565 | Bailey   | XOM: potion effect (might)
  9625 | Bailey   | Noticed an orc knight
  9646 | Bailey   | XOM: cast spell 'Animate Armour'
  9651 | Bailey   | Killed an orc knight
  9683 | Bailey   | Found a burning altar of Makhleb.
  9689 | Bailey   | Identified the +0 robe of Hopscotch {rElec rPois rC- SInv}
  9706 | Bailey   | XOM: give mutations
  9706 | Bailey   | Gained mutation: You are highly strong-willed. (Will++)
                  | [Xom's grace]
  9706 | Bailey   | Gained mutation: You passively map a small area around you.
                  | [Xom's grace]
  9740 | D:9      | XOM: destruction
  9749 | D:9      | XOM: summons 7 friendly demons
  9749 | D:9      | XOM: smoke on damage
  9769 | D:9      | XOM: cleaving
  9784 | D:9      | XOM: scenery: create altars
  9794 | D:9      | XOM: 3-stop teleportation journey
  9802 | D:9      | XOM: destruction
  9818 | D:9      | XOM: 1-stop teleportation journey
  9883 | D:9      | Identified the +2 pair of gloves of Macakk {rC+ MP+9 SInv}
  9921 | D:9      | Noticed Maurice
  9925 | D:9      | Something stole a +0 falchion of chaos
  9933 | D:9      | Killed Maurice
  9934 | D:9      | Reached XP level 12. HP: 85/85 MP: 0/0
  9961 | D:9      | XOM: cleaving
  9975 | D:9      | XOM: cloud trail
  9994 | D:9      | XOM: god gift: wand of light (5)
 10140 | D:9      | Noticed a two-headed ogre
 10146 | D:9      | Killed a two-headed ogre
 10190 | D:9      | Reached skill level 5 in Shields
 10194 | D:9      | XOM: summons 4 friendly demons
 10194 | D:9      | Noticed a boulder beetle
 10195 | D:9      | Noticed a boulder beetle
 10206 | D:9      | XOM: cast spell 'Alistair's Intoxication'
 10210 | D:9      | Killed a boulder beetle
 10228 | D:9      | XOM: fake destruction
 10242 | D:9      | Killed a boulder beetle
 10321 | D:9      | XOM: god gift: Xom's Incunable of Mastery {god gift}
 10494 | D:10     | Entered Level 10 of the Dungeon
 10715 | D:10     | Noticed a two-headed ogre
 10723 | D:10     | Killed a two-headed ogre
 10947 | D:10     | Identified a scroll of acquirement
 10947 | D:10     | Acquired 964 gold pieces
 11006 | D:11     | XOM: scenery: summon butterflies
 11035 | D:11     | XOM: chaos upgrade
 11080 | D:11     | XOM: god gift: fuming amethyst potion {god gift}
 11116 | D:11     | XOM: divination: detect creatures
 11126 | D:11     | XOM: summons 6 friendly demons
 11145 | D:11     | XOM: noise
 11146 | D:11     | XOM: swap monsters
 11176 | D:11     | Found a gate leading to a gauntlet.
 11185 | Gauntlet | Entered a Gauntlet
 11185 | Gauntlet | Noticed a sixfirhy
 11185 | Gauntlet | Found a runed translucent gate.
 11185 | Gauntlet | Found a transporter.
 11185 | Gauntlet | Found a runed translucent gate.
 11185 | Gauntlet | Found a runed translucent gate.
 11194 | Gauntlet | Found a transporter.
 11196 | Gauntlet | Found a transporter.
 11201 | Gauntlet | Noticed a sixfirhy
 11210 | Gauntlet | Found a transporter.
 11219 | Gauntlet | Found a transporter.
 11240 | Gauntlet | Found a transporter.
 11241 | Gauntlet | Noticed a death scarab
 11242 | Gauntlet | Noticed a death scarab
 11250 | Gauntlet | Found a transporter.
 11260 | Gauntlet | Found a transporter.
 11279 | Gauntlet | Found a transporter.
 11293 | Gauntlet | Found a transporter.
 11293 | Gauntlet | Found a transporter.
 11339 | Gauntlet | Noticed a hell hog
 11357 | Gauntlet | Found a transporter.
 11360 | Gauntlet | Found a transporter.
 11395 | Gauntlet | Found a transporter.
 11396 | Gauntlet | XOM: noise
 11456 | Gauntlet | Killed a sixfirhy
 11519 | Gauntlet | XOM: smoke on damage
 11524 | Gauntlet | XOM: summons friendly shadow imp
 11529 | Gauntlet | Reached XP level 13. HP: 81/81 MP: 0/0
 11529 | Gauntlet | Learned a level 5 spell: Iskenderun's Battlesphere
 11540 | Gauntlet | Identified the ring of Juq Keirera {rElec Int+2 Dex+6}
 11556 | Gauntlet | Identified the +4 plate armour "Caety" {Rampage *Corrode
                  | rPois Will+}
 11556 | Gauntlet | Noticed a minotaur
 11558 | Gauntlet | XOM: divine lightning
 11572 | Gauntlet | Killed a minotaur
 11639 | D:11     | Found a staircase to the Lair.
 11725 | D:11     | XOM: 3-stop teleportation journey
 11908 | D:11     | Noticed a vault guard
 11917 | D:11     | Killed a vault guard
 11921 | D:11     | Found a portal to a secret trove of treasure.
 11953 | D:11     | XOM: give mutation
 11953 | D:11     | Gained mutation: You have a somewhat thin skeletal
                  | structure. (Dex +2, Stealth+) [Xom's grace]
 12047 | Lair:1   | Entered Level 1 of the Lair of Beasts
 12059 | Lair:1   | XOM: give mutations
 12059 | Lair:1   | Gained mutation: You are robust. (+10% HP) [Xom's grace]
 12059 | Lair:1   | Gained mutation: You regenerate. [Xom's grace]
 12059 | Lair:1   | Gained mutation: A frigid envelope surrounds you and
                  | freezes all who hurt you. [Xom's grace]
 12160 | Lair:1   | Reached skill level 10 in Dodging
 12166 | Lair:1   | XOM: 3-stop teleportation journey
 12238 | Lair:1   | XOM: cleaving
 12336 | Lair:1   | XOM: cleaving
 12465 | Lair:1   | XOM: god gift: +1 buckler of cold resistance
 12570 | Lair:1   | XOM: scenery: create altars
 12792 | Lair:2   | XOM: god gift: +0 cloak of preservation
 12799 | Lair:2   | XOM: 2-stop teleportation journey
 12831 | Lair:2   | XOM: give mutations
 12831 | Lair:2   | Gained mutation: You are covered in fur. (AC +1) [Xom's
                  | grace]
 12831 | Lair:2   | Gained mutation: You have a pair of large antennae on your
                  | head. (SInv) [Xom's grace]
 12831 | Lair:2   | Gained mutation: Your spells are a little harder to cast,
                  | but a little more powerful. [Xom's grace]
 12831 | Lair:2   | Gained mutation: Your spells are harder to cast, but more
                  | powerful. [Xom's grace]
 12838 | Lair:2   | XOM: summons friendly crimson imp
 12919 | Lair:2   | XOM: god gift: scroll of acquirement
 12921 | Lair:2   | Acquired the ring "Zoadek" {+Blink rN+ Will+++ Int+6
                  | Stlth-}
 12945 | Lair:2   | Found a hole to the Spider Nest.
 13186 | Lair:2   | XOM: 1-stop teleportation journey
 13709 | Lair:3   | XOM: polymorph blink frog -> wolf
 13713 | Lair:3   | XOM: 1-stop teleportation journey
 13736 | Lair:3   | XOM: 1-stop teleportation journey
 13848 | Lair:3   | Noticed a seven-headed hydra
 13854 | Lair:3   | Killed a nine-headed hydra
 13864 | Lair:3   | XOM: polymorph elephant -> black mamba
 13876 | Lair:3   | Reached XP level 14. HP: 107/108 MP: 0/0
 14037 | Lair:3   | XOM: give mutation
 14037 | Lair:3   | Gained mutation: You are very robust. (+20% HP) [Xom's
                  | grace]
 14047 | Lair:3   | Found a staircase to the Shoals.
 14134 | Lair:3   | XOM is BORED!
 14445 | Lair:3   | XOM: god gift: +1 kite shield of reflection
 14526 | Lair:4   | XOM: noise
 14621 | Lair:4   | XOM: divination: detect items
 14633 | Lair:4   | XOM: divination: detect items
 14642 | Lair:4   | XOM: cloud trail
 14785 | Lair:4   | Found a viscous altar of Jiyva.
 14788 | Lair:4   | Found a staircase to the Slime Pits.
 14823 | Lair:4   | XOM: 1-stop teleportation journey
 14887 | Lair:4   | XOM: divination: detect items
 14979 | Lair:4   | XOM: divination: detect items
 14990 | Lair:4   | Reached skill level 10 in Armour
 15011 | Lair:4   | XOM: confuse monster(s)
 15230 | Lair:4   | XOM: divination: detect items
 15365 | Lair:5   | Entered Level 5 of the Lair of Beasts
 15380 | Lair:5   | XOM: confuse monster(s)
 15469 | Lair:5   | XOM: summons 6 friendly demons
 15574 | Lair:5   | Noticed Nessos
 15589 | Lair:5   | XOM: divination: magic mapping
 15598 | Lair:5   | Killed Nessos
 15599 | Lair:5   | Reached XP level 15. HP: 127/128 MP: 0/0
 15599 | Lair:5   | Learned a level 6 spell: Dispersal
 15648 | Lair:5   | XOM: potion effect (haste)
 15658 | Lair:5   | Found a dark tunnel.
 15672 | Volcano  | Entered a volcano
 15750 | Volcano  | XOM: divination: detect creatures
 15825 | Volcano  | XOM: potion effect (might)
 15889 | Volcano  | XOM: give mutations
 15889 | Volcano  | Lost mutation: A frigid envelope surrounds you and freezes
                  | all who hurt you. [Xom's mischief]
 15889 | Volcano  | Lost mutation: You are very agile. (Dex +8, Str/Int -2)
                  | [Xom's mischief]
 15977 | Volcano  | XOM: torment (72/128 hp)
 15981 | Volcano  | XOM: noise
 16109 | Lair:5   | XOM: torment (72/128 hp)
 16141 | Lair:5   | XOM: noise
 16142 | Lair:5   | XOM: chaos cloud
 16170 | Lair:5   | Reached skill level 10 in Fighting
 16199 | Lair:5   | XOM: fog
 16207 | Lair:5   | XOM: blink monster(s)
 16612 | D:12     | XOM: blink monster(s)
 16724 | D:12     | XOM: silly message
 16729 | D:12     | Found a staircase to the Orcish Mines.
 16920 | D:12     | XOM: silly message
 16959 | D:12     | Identified the +4 chain mail of Cowardice {rPois rC- rN+
                  | Dex+5}
 17142 | Orc:1    | Entered Level 1 of the Orcish Mines
 17189 | Orc:1    | Found Votixyor's Assorted Antiques.
 17202 | Orc:1    | Bought a scroll labelled BUVOBI ENWOMOO for 29 gold pieces
 17527 | Orc:1    | XOM: 3-stop teleportation journey
 17646 | Orc:2    | Entered Level 2 of the Orcish Mines
 17646 | Orc:2    | Found Fiuhy's Antique Weapon Boutique.
 17647 | Orc:2    | XOM: divination: detect creatures
 17648 | Orc:2    | Noticed an orc warlord
 17655 | Orc:2    | XOM: cast spell 'Summon Mana Viper'
 17711 | Orc:2    | XOM: divination: magic mapping
 17718 | Orc:2    | XOM: blink monster(s)
 17732 | Orc:1    | Killed an orc warlord
 17786 | Orc:2    | Found a staircase to the Elven Halls.
 17804 | Orc:2    | XOM: enchant monster (bad)
 17819 | Orc:2    | XOM: silly message
 17910 | Orc:2    | Found a runed translucent door.
 17928 | Orc:2    | XOM: smoke on damage
 17942 | Orc:2    | Noticed an orc warlord
 17946 | Orc:2    | Reached XP level 16. HP: 107/136 MP: 0/0
 17983 | Orc:2    | XOM: potion effect (heal wounds)
 17989 | Orc:2    | XOM: polymorph orc warlord -> ettin
 17995 | Orc:2    | XOM: summons friendly iron imp
 17998 | Orc:2    | XOM: 1-stop teleportation journey
 18062 | Orc:2    | Found Meromof's Antique Armour Boutique.
 18088 | Orc:2    | Found Vutemm's General Store.
 18106 | Orc:2    | Bought a scroll of teleportation for 51 gold pieces
 18106 | Orc:2    | Bought a potion of heal wounds for 85 gold pieces
 18106 | Orc:2    | Bought a potion of heal wounds for 85 gold pieces
 18165 | Orc:2    | Found Cogaprod's Antique Weapon Boutique.
 18207 | Orc:2    | Found Seugud's Jewellery Shoppe.
 18362 | Orc:2    | Found a runed translucent door.
 18377 | Orc:2    | Found the +10 tower shield of Ignorance {rN+ Int-4}
 18725 | D:13     | Reached skill level 10 in Spellcasting
 18725 | D:13     | Reached skill level 10 in Conjurations
 18725 | D:13     | Reached skill level 10 in Hexes
 18725 | D:13     | Reached skill level 10 in Summonings
 18725 | D:13     | Reached skill level 10 in Necromancy
 18725 | D:13     | Reached skill level 10 in Translocations
 18725 | D:13     | Reached skill level 10 in Fire Magic
 18725 | D:13     | Reached skill level 10 in Ice Magic
 18725 | D:13     | Reached skill level 10 in Air Magic
 18725 | D:13     | Reached skill level 10 in Earth Magic
 18725 | D:13     | Reached skill level 10 in Alchemy
 18726 | D:13     | XOM: polymorph slime creature -> ettin
 18832 | D:13     | XOM: polymorph slime creature -> moth of wrath
 18899 | D:13     | XOM: confuse monster(s)
 18905 | D:13     | XOM: summons 5 friendly demons
 18936 | D:13     | Found a gate to the Vaults.
 19096 | D:13     | Found a runed translucent gate.
 19096 | D:13     | Found a runed translucent gate.
 19096 | D:13     | Found a runed translucent gate.
 19097 | D:13     | Noticed Zizatayzxib's ghost (journeyman DjFE)
 19218 | D:13     | XOM: cast spell 'Summon Hydra'
 19248 | D:13     | Killed Zizatayzxib's ghost
 19249 | D:13     | Reached skill level 10 in Shields
 19253 | D:13     | Reached skill level 10 in Long Blades
 19324 | D:14     | Found Ducint's Assorted Antiques.
 19522 | D:14     | XOM: 3-stop teleportation journey
 19593 | D:14     | XOM: confuse monster(s)
 19602 | D:14     | XOM: cleaving
 19835 | D:14     | XOM: noise
 19845 | D:15     | Entered Level 15 of the Dungeon
 19851 | D:15     | XOM: polymorph slime creature -> alligator
 19854 | D:15     | XOM: polymorph alligator -> shapeshifter
 19939 | D:15     | XOM: give mutations
 19939 | D:15     | Gained mutation: You are extremely strong-willed. (Will+++)
                  | [Xom's grace]
 19939 | D:15     | Gained mutation: You are somewhat resistant to further
                  | mutation. [Xom's grace]
 19939 | D:15     | Gained mutation: You are extremely robust. (+30% HP) [Xom's
                  | grace]
 19945 | D:15     | XOM: cleaving
 20038 | D:15     | Reached XP level 17. HP: 157/157 MP: 0/0
 20038 | D:15     | Learned a level 6 spell: Sculpt Simulacrum
 20069 | D:15     | XOM: god gift: +0 pair of gloves of infusion
 20136 | D:15     | Found a transporter.
 20137 | D:15     | Found a transporter.
 20151 | D:15     | Found a transporter.
 20156 | D:15     | Found a transporter.
 20201 | D:15     | Reached skill level 1 in Shapeshifting
 20207 | D:15     | Found a staircase to the Depths.
 20208 | D:15     | XOM: potion effect (brilliance)
 20317 | D:15     | Found a transporter.
 20318 | D:15     | Found a transporter.
 20553 | D:15     | Found a runed translucent gate.
 20553 | D:15     | Found a runed translucent gate.
 20557 | D:15     | Found a runed translucent gate.
 20558 | D:15     | Noticed Kidef's ghost (adept FoFi)
 20558 | D:15     | Noticed Veikh's ghost (journeyman SpDe)
 20716 | D:15     | XOM: potion effect (experience)
 20716 | D:15     | Reached skill level 2 in Shapeshifting
 20716 | D:15     | Reached XP level 18. HP: 164/164 MP: 0/0
 20738 | D:15     | Killed Kidef's ghost
 20744 | D:15     | Killed Veikh's ghost
 20745 | D:15     | Reached skill level 3 in Shapeshifting
 20908 | Spider:1 | Entered Level 1 of the Spider Nest
 20944 | Spider:1 | XOM: potion effect (attraction)
 20945 | Spider:1 | XOM: potion effect (haste)
 20953 | Spider:1 | XOM: confuse monster(s)
 20954 | Spider:1 | XOM: cleaving
 21014 | Spider:1 | XOM: fog
 21085 | Spider:1 | XOM: silly message
 21121 | Spider:1 | XOM: enchant monster (bad)
 21207 | Spider:1 | XOM: potion effect (brilliance)
 21226 | Spider:1 | XOM: divination: magic mapping
 21231 | Spider:1 | XOM: cloud trail
 21308 | Spider:1 | XOM: divination: detect creatures
 21320 | Spider:1 | Found a roughly hewn altar of Beogh.
 21450 | Spider:1 | Reached skill level 4 in Shapeshifting
 21450 | Spider:1 | XOM: noise
 21550 | Spider:2 | XOM: cast spell 'Fugue of the Fallen'
 21583 | Spider:2 | XOM: confuse monster(s)
 22028 | Spider:2 | XOM: 4-stop teleportation journey
 22034 | Spider:2 | XOM: cleaving
 22147 | Spider:2 | XOM: god gift: cloak {god gift}
 22199 | Spider:2 | XOM: cleaving
 22372 | Spider:2 | XOM: noise
 22413 | Spider:2 | XOM: swap monsters
 22602 | Spider:2 | XOM: god gift: scroll of vulnerability
 22631 | Spider:3 | XOM: stealth player
 22752 | Spider:3 | Reached skill level 5 in Shapeshifting
 22885 | Spider:3 | XOM: 5-stop teleportation journey
 22932 | Spider:3 | XOM: god gift: boomerang
 22972 | Spider:3 | XOM: 8-stop teleportation journey
 22984 | Spider:3 | XOM: cloud trail
 22988 | Spider:3 | XOM: fake destruction
 23006 | Spider:3 | XOM: summons 3 friendly demons
 23061 | Spider:3 | XOM: divination: detect items
 23071 | Spider:3 | XOM: enchant monster (bad)
 23177 | Spider:3 | XOM: cast spell 'Summon Ice Beast'
 23188 | Spider:3 | XOM: noise
 23265 | Spider:3 | Identified the +1 cloak of the Hall of Blades {Dex+2}
 23309 | Spider:3 | Noticed Ynexoj's ghost (journeyman TeSu)
 23310 | Spider:3 | Found a runed translucent gate.
 23318 | Spider:3 | Found a runed translucent gate.
 23319 | Spider:3 | Found a runed translucent gate.
 23345 | Spider:3 | XOM: divination: detect creatures
 23347 | Spider:3 | XOM: confuse monster(s)
 23351 | Spider:3 | Killed Ynexoj's ghost
 23355 | Spider:3 | XOM: silly message
 23356 | Spider:3 | XOM: cleaving
 23358 | Spider:3 | XOM: enchant monster (bad)
 23360 | Spider:3 | XOM: enchant monster (good)
 23388 | Spider:3 | XOM: smoke on damage
 23394 | Spider:3 | Reached XP level 19. HP: 157/175 MP: 0/0
 23394 | Spider:3 | Learned a level 6 spell: Bombard
 23403 | Spider:3 | XOM: polymorph steelbarb worm -> raiju
 23462 | Spider:3 | Reached skill level 6 in Shapeshifting
 23536 | Spider:3 | XOM: summons friendly ufetubus
 23672 | Spider:3 | Noticed Arachne
 23727 | Spider:3 | Killed Arachne
 23873 | Spider:4 | Entered Level 4 of the Spider Nest
 23877 | Spider:4 | XOM: give mutations
 23877 | Spider:4 | Gained mutation: Your skin changes colour to match your
                  | surroundings (Stealth+). [Xom's grace]
 23877 | Spider:4 | Gained mutation: Your spells are much harder to cast, but
                  | much more powerful. [Xom's grace]
 23877 | Spider:4 | Gained mutation: Your movements are slightly less
                  | encumbered by armour. (ER -2) [Xom's grace]
 23877 | Spider:4 | Gained mutation: You are very agile. (Dex +8, Str/Int -2)
                  | [Xom's grace]
 23892 | Spider:4 | XOM: polymorph boulder beetle -> glowing shapeshifter
 23902 | Spider:4 | XOM: summons friendly white imp
 23919 | Spider:4 | XOM: summons 4 friendly demons
 23942 | Spider:4 | XOM: scenery: create altars
 23944 | Spider:4 | XOM: summons 3 friendly demons
 23945 | Spider:4 | XOM: 9-stop teleportation journey
 23948 | Spider:4 | XOM: enchant monster (good)
 24019 | Spider:4 | Reached skill level 7 in Shapeshifting
 24041 | Spider:4 | XOM: confuse monster(s)
 24058 | Spider:4 | XOM: noise
 24088 | Spider:4 | XOM: 3-stop teleportation journey
 24123 | Spider:4 | XOM: give mutations
 24123 | Spider:4 | Lost mutation: You regenerate. [Xom's mischief]
 24123 | Spider:4 | Lost mutation: Your movements are slightly less encumbered
                  | by armour. (ER -2) [Xom's mischief]
 24224 | Spider:4 | XOM: enchant monster (bad)
 24228 | Spider:4 | XOM: smoke on damage
 24268 | Spider:4 | XOM: noise
 24273 | Spider:4 | XOM: blink monster(s)
 24314 | Spider:4 | XOM: 1-stop teleportation journey
 24328 | Spider:4 | XOM: enchant monster (good)
 24338 | Spider:4 | XOM: blink monster(s)
 24403 | Spider:4 | XOM: noise
 24510 | Spider:4 | XOM: polymorph wolf spider -> yaktaur
 24520 | Spider:4 | XOM: potion effect (might)
 24521 | Spider:4 | XOM: silly message
 24532 | Spider:4 | Got a gossamer rune of Zot
 24552 | Spider:4 | XOM: cast spell 'Fugue of the Fallen'
 24554 | Spider:4 | XOM: divination: detect items
 24561 | Spider:4 | Reached skill level 8 in Shapeshifting
 24636 | Spider:4 | Upgraded the game from 0.32-a0-834-geaf45d8e21 to
                  | 0.32-a0-841-g4648e6c457
 24796 | Vaults:1 | Entered Level 1 of the Vaults
 24809 | Vaults:1 | XOM: silly message
 24948 | Vaults:1 | XOM: smoke on damage
 24949 | Vaults:1 | XOM: noise
 25028 | Vaults:1 | XOM: cast spell 'Animate Armour'
 25083 | Vaults:1 | XOM: enchant monster (good)
 25216 | Vaults:1 | XOM: confuse monster(s)
 25222 | Vaults:1 | XOM: confuse monster(s)
 25404 | Vaults:1 | XOM: scenery: create altars
 25405 | Vaults:1 | XOM: confuse monster(s)
 25412 | Vaults:1 | Reached XP level 20. HP: 187/187 MP: 0/0
 25431 | Vaults:1 | Noticed Norris
 25455 | Vaults:1 | XOM: fog
 25475 | Vaults:1 | Killed Norris
 25476 | Vaults:1 | Reached skill level 9 in Shapeshifting
 25483 | Vaults:1 | XOM: confuse monster(s)
 25549 | Vaults:1 | Reached skill level 15 in Armour
 25555 | Vaults:1 | XOM: god gift: 3 potions of resistance
 25682 | Vaults:1 | XOM: cleaving
 25701 | Vaults:1 | XOM: potion effect (haste)
 25702 | Vaults:1 | XOM: noise
 25730 | Vaults:1 | XOM: fog
 25733 | Vaults:1 | XOM: scenery: summon butterflies
 25739 | Vaults:1 | XOM: god gift: +0 demon blade of venom
 25905 | Vaults:1 | XOM: scenery: 1 doors open, 1 doors close
 26017 | Vaults:2 | XOM: 5-stop teleportation journey
 26156 | Vaults:2 | XOM: divination: detect creatures
 26164 | Vaults:2 | Reached skill level 10 in Shapeshifting
 26343 | Vaults:2 | XOM: confuse monster(s)
 26382 | Vaults:2 | XOM: cast spell 'Summon Cactus Giant'
 26501 | Vaults:2 | XOM: enchant monster (bad)
 26512 | Vaults:2 | XOM: 5-stop teleportation journey
 26534 | Vaults:2 | XOM: chaos upgrade
 26555 | Vaults:2 | Reached skill level 15 in Long Blades
 26576 | Vaults:2 | XOM: divination: detect items
 26712 | Vaults:2 | Found Teguac's Weapon Shoppe.
 26721 | Vaults:2 | XOM: blink monster(s)
 26823 | Vaults:2 | Found a staircase to the Crypt.
 26851 | Vaults:2 | XOM: enchant monster (good)
 26854 | Vaults:2 | Reached skill level 11 in Shapeshifting
 26955 | Vaults:2 | XOM: 1-stop teleportation journey
 27108 | Vaults:2 | XOM: scenery: 1 doors open
 27177 | Vaults:2 | XOM: divination: magic mapping
 27346 | Vaults:2 | XOM: divination: detect creatures
 27383 | Vaults:2 | Reached XP level 21. HP: 196/196 MP: 0/0
 27383 | Vaults:2 | Learned a level 7 spell: Monstrous Menagerie
 27531 | Vaults:3 | XOM: silly message
 27536 | Vaults:3 | Found a flickering gateway to a bazaar.
 27542 | Bazaar   | Entered a bazaar
 27547 | Bazaar   | Found Puomeog's Book Shop.
 27561 | Bazaar   | Found Teti's Jewellery Shop.
 27639 | Vaults:3 | XOM: potion effect (heal wounds)
 27688 | Vaults:3 | XOM: divination: magic mapping
 27725 | Vaults:3 | XOM: divination: magic mapping
 27779 | Vaults:3 | Reached skill level 12 in Shapeshifting
 27938 | Vaults:3 | XOM: potion effect (berserk rage)
 27962 | Vaults:3 | XOM: silly message
 28143 | Vaults:3 | XOM: potion effect (brilliance)
 28312 | Vaults:3 | XOM: potion effect (invisibility)
 28426 | Vaults:3 | Reached skill level 13 in Shapeshifting
 28486 | Vaults:3 | XOM: divination: detect items
 28589 | Vaults:3 | XOM: noise
 28651 | Vaults:3 | XOM: torment (109/196 hp)
 28797 | Vaults:4 | XOM: god gift: pair of embroidered boots {god gift}
 28852 | Vaults:4 | Identified the +0 chain mail "Cyeffa" {^Contam rElec rF++
                  | Stlth+}
 29108 | Vaults:4 | XOM: confuse monster(s)
 29142 | Vaults:4 | XOM: cast spell 'Cause Fear'
 29174 | Vaults:4 | Found Ystiatz's Antique Weapon Shoppe.
 29186 | Vaults:4 | Noticed Donald
 29190 | Vaults:4 | XOM: smoke on damage
 29199 | Vaults:4 | Killed Donald
 29248 | Vaults:4 | XOM: silly message
 29256 | Vaults:4 | Reached skill level 14 in Shapeshifting
 29348 | Vaults:4 | XOM: noise
 29364 | Vaults:4 | XOM: cast spell 'Leda's Liquefaction'
 29371 | Vaults:4 | XOM: silly message
 29385 | Vaults:4 | XOM: confuse monster(s)
 29538 | Vaults:4 | Reached XP level 22. HP: 204/204 MP: 0/0
 29562 | Vaults:4 | XOM: summons 1 hostile demon
 29675 | Vaults:4 | XOM: summons 1 hostile demon
 29703 | Vaults:4 | XOM: blink monster(s)
 29714 | Vaults:4 | XOM: noise
 29834 | Vaults:4 | XOM: summons 3 hostile shadow creatures
 29893 | Vaults:4 | XOM: summons 1 hostile shadow creature
 29926 | Vaults:4 | Found a transporter.
 29958 | Vaults:4 | XOM: give mutations
 29958 | Vaults:4 | Lost mutation: You have a pair of large antennae on your
                  | head. (SInv) [Xom's mischief]
 29958 | Vaults:4 | Lost mutation: Your muscles are strong. (Str +4, Int/Dex
                  | -1) [Xom's mischief]
 29969 | Vaults:4 | Found a transporter.
 30050 | Vaults:4 | Reached skill level 15 in Shapeshifting
 30064 | Vaults:4 | XOM: chaos upgrade
 30199 | Vaults:4 | XOM: give mutations
 30199 | Vaults:4 | Lost mutation: You expend health (3 HP) to strengthen your
                  | wands. [Xom's mischief]
 30199 | Vaults:4 | Lost mutation: You passively dampen the noise of your
                  | surroundings. [Xom's mischief]
 30202 | Vaults:4 | XOM: confuse monster(s)
 30223 | Vaults:4 | XOM: smoke on damage
 30230 | Vaults:4 | XOM: noise
 30305 | Vaults:4 | Identified the ring "Ureir" {rCorr Str+3 Dex+3 SInv}
 30309 | Vaults:4 | Identified the ring "Nuiskul" {Will++ EV+5 Str-2}
 30364 | Vaults:4 | XOM: noise
 30569 | D:11     | XOM: noise
 30588 | D:11     | You paid a toll of 8 potions of haste to enter a treasure
                  | trove
 30589 | Trove    | Entered a treasure trove
 30611 | Trove    | Found the +4 consecrated labrys {holy, Valiant ^Fragile Fly
                  | SInv}
 30613 | Trove    | Identified the ring of Lady Luck {rF+ Will+ rCorr Str-2
                  | Dex+4}
 30625 | Trove    | Identified the amulet of Cykhlo Qiefo {Faith Slay+3 Stlth+}
 30655 | Trove    | Identified the scarf of the Nice God {repulsion, rF- rC+++
                  | Int-2 Stlth+}
 30746 | Elf:1    | Entered Level 1 of the Elven Halls
 30770 | Elf:1    | Noticed Frances
 30776 | Elf:1    | XOM: confuse monster(s)
 30777 | Elf:1    | XOM: potion effect (invisibility)
 30781 | Elf:1    | Killed Frances
 30905 | Elf:1    | Noticed Asterion
 30915 | Elf:1    | Killed Asterion
 30917 | Elf:1    | XOM: silly message
 30981 | Elf:1    | Identified the +1 cloak of Makhleb's Benevolence {rC+
                  | rCorr}
 31016 | Elf:1    | XOM: divination: magic mapping
 31021 | Elf:1    | Paralysed by an air elemental for 1 turns
 31027 | Elf:1    | XOM: polymorph deep elf zephyrmancer -> centaur
 31030 | Elf:1    | XOM: confuse monster(s)
 31036 | Elf:1    | Reached skill level 16 in Shapeshifting
 31098 | Elf:1    | Noticed Azrael
 31101 | Elf:1    | Killed Azrael
 31118 | Elf:1    | XOM: give mutations
 31118 | Elf:1    | Lost mutation: You are partially covered in large bone
                  | plates. (SH +4) [Xom's mischief]
 31118 | Elf:1    | Lost mutation: You have a somewhat thin skeletal structure.
                  | (Dex +2, Stealth+) [Xom's mischief]
 31118 | Elf:1    | Lost mutation: You are extremely strong-willed. (Will+++)
                  | [Xom's mischief]
 31118 | Elf:1    | Lost mutation: You possess an exceptional clarity of mind.
                  | [Xom's mischief]
 31391 | Elf:1    | XOM: polymorph orc knight -> basilisk
 31499 | Elf:1    | Found a burning altar of Makhleb.
 31519 | Elf:1    | Found a roughly hewn altar of Beogh.
 31603 | Elf:2    | XOM: summons friendly iron imp
 31607 | Elf:2    | Paralysed by an air elemental for 1 turns
 31674 | Elf:2    | Found Sirph's Weapon Shoppe.
 31685 | Elf:2    | XOM: polymorph deep elf zephyrmancer -> swamp drake
 31747 | Elf:2    | XOM: scenery: 1 doors open
 31772 | Elf:2    | Found a runed translucent gate.
 31772 | Elf:2    | Found a runed translucent gate.
 31780 | Elf:2    | Found a runed translucent gate.
 31834 | Elf:2    | XOM: divination: detect items
 31942 | Elf:2    | XOM: scenery: 3 doors close
 32087 | Elf:2    | XOM: summons friendly iron imp
 32094 | Elf:2    | XOM: confuse monster(s)
 32095 | Elf:2    | XOM: enchant monster (good)
 32106 | Elf:2    | Reached skill level 17 in Shapeshifting
 32199 | Elf:2    | XOM: swap monsters
 32232 | Elf:2    | XOM: blink monster(s)
 32272 | Elf:2    | XOM: swap monsters
 32329 | Elf:2    | XOM: silly message
 32461 | Elf:3    | Entered Level 3 of the Elven Halls
 32479 | Elf:3    | Found a runed translucent door.
 32480 | Elf:3    | Found a shimmering altar of Xom.
 32480 | Elf:3    | Noticed Lurir's ghost (journeyman KoHu)
 32565 | Elf:3    | XOM: give mutation
 32577 | Elf:3    | Paralysed by an air elemental for 1 turns
 32695 | Elf:3    | Reached XP level 23. HP: 211/211 MP: 0/0
 32695 | Elf:3    | Learned a level 7 spell: Spellforged Servitor
 32869 | Elf:3    | XOM: smoke on damage
 32970 | Elf:3    | XOM: scenery: create altars
 32993 | Elf:3    | XOM: 1-stop teleportation journey
 33206 | Elf:3    | XOM: give mutations
 33206 | Elf:3    | Gained mutation: You expend health (3 HP) to strengthen
                  | your wands. [Xom's grace]
 33206 | Elf:3    | Gained mutation: Your flesh is almost immune to the effects
                  | of heat. (rF+++) [Xom's grace]
 33226 | Elf:3    | Identified the staff "Qega Reu" {rF+ Will+ Str-4 Hexes
                  | Fire}
 33248 | Elf:3    | Identified the amulet "Cyratoax" {Reflect Harm rF+ Dex-2
                  | SH+5}
 33254 | Elf:3    | XOM: summons friendly orange demon
 33257 | Elf:3    | XOM: polymorph orange demon -> hellwing
 33267 | Elf:3    | Reached skill level 18 in Shapeshifting
 33271 | Elf:3    | XOM: blink monster(s)
 33287 | Elf:3    | XOM: chaos cloud
 33324 | Elf:3    | Identified the +2 battleaxe of Ynlar {heavy, rC+ Str+2}
 33324 | Elf:3    | XOM: 3-stop teleportation journey
 33379 | Elf:3    | Identified the staff of Death's Door {rElec Dex+5 Tloc Air}
 33394 | Elf:3    | XOM: give mutation
 33394 | Elf:3    | Lost mutation: You passively map a small area around you.
                  | [Xom's mischief]
 33414 | Elf:3    | Identified the +1 sling "Vangan" {antimagic, *Slow rElec
                  | rPois Dex+3}
 33427 | Elf:3    | Identified the +2 mace "Conilux" {elec, rN+}
 33459 | Elf:3    | XOM: confuse monster(s)
 33789 | Elf:3    | XOM: potion effect (might)
 33796 | Elf:3    | Killed Lurir's ghost
 33804 | Elf:3    | Identified the amulet "Mioli" {rElec Regen+ Str+2}
 34049 | Depths:1 | XOM: stealth player
 34049 | Depths:1 | Entered Level 1 of the Depths
 34056 | Depths:1 | XOM: confusion (+ monsters)
 34061 | Depths:1 | XOM: scenery: create altars
 34064 | Depths:1 | XOM: destruction
 34068 | Depths:1 | XOM: 4-stop teleportation journey
 34087 | Depths:1 | XOM: confuse monster(s)
 34091 | Depths:1 | XOM: enchant monster (bad)
 34117 | Depths:1 | XOM: noise
 34128 | Depths:1 | XOM: noise
 34141 | Depths:1 | XOM: enchant monster (good)
 34145 | Depths:1 | XOM: cast spell 'Summon Cactus Giant'
 34151 | Depths:1 | XOM: enchant monster (bad)
 34162 | Depths:1 | XOM: cast spell 'Summon Ice Beast'
 34168 | Depths:1 | XOM: potion effect (curing)
 34172 | Depths:1 | XOM: confuse monster(s)
 34199 | Depths:1 | Reached skill level 19 in Shapeshifting
 34199 | Depths:1 | XOM: potion effect (attraction)
 34203 | Depths:1 | XOM: noise
 34224 | Depths:1 | Found a gateway to Hell.
 34230 | Depths:1 | XOM: swap monsters
 34249 | Depths:1 | XOM: noise
 34338 | Depths:1 | Found a magical portal.
 34374 | WizLab   | Entered The Roulette of Golubria
 34374 | WizLab   | Found a transporter.
 34377 | WizLab   | Found a corrupted altar of Lugonu.
 34392 | WizLab   | Found a corrupted altar of Lugonu.
 34392 | WizLab   | Found a transporter.
 34435 | WizLab   | Found a transporter.
 34448 | WizLab   | XOM: noise
 34469 | WizLab   | Found a transporter.
 34477 | WizLab   | Found a transporter.
 34593 | WizLab   | Found a corrupted altar of Lugonu.
 34594 | WizLab   | Found a transporter.
 34620 | WizLab   | Found a transporter.
 34623 | WizLab   | Found a transporter.
 34625 | WizLab   | Found a corrupted altar of Lugonu.
 34695 | WizLab   | HP: 7/211 [balrug/+0 demon whip of draining (15)]
 34695 | WizLab   | Demolished by a balrug

Illustrated notes

Levels and vault maps discovered:
D:1:      lemuel_arrival_rhombus, layout_basic
D:2:      layout_basic, kennysheep_flooded_box, minmay_misc_feat_diagonals
D:3:      layout_basic
D:4:      layout_loops_corners, serial_shops, shop_statue,
          mainiacjoe_sewer_entry_somewhere_in_here_1
D:5:      layout_basic, temple_green, minmay_shop_damaged
D:6:      layout_basic, mainiacjoe_ossuary_entry_dusty_tomb, uniq_edmund
D:7:      minmay_inner_zag, layout_loops_corners, serial_rivers,
          chequers_serial_rivers_micro_d, chequers_serial_rivers_small_a,
          chequers_serial_rivers_micro_a, chequers_serial_rivers_micro_e,
          chequers_serial_rivers_room_a
D:8:      layout_rooms, minmay_shattered_shrine
D:9:      minmay_the_grid_octo_triangle [minmay_the_grid_octo_clover_2,
          minmay_the_grid_octo_prize_big_c, minmay_the_grid_octo_thin_diamonds],
          layout_cave_pools, old_standard_altar, enter_bailey_2, uniq_maurice
D:10:     layout_cave_pools
D:11:     layout_cave_pools, dpeg_lair_monsters, enter_trove_5,
          gauntlet_entry_generic, hangedman_decor_diamond_cutter
D:12:     layout_big_octagon, zombieorc2_lemuel, serial_park_tiny_pond
D:13:     layout_rooms, david_vaults_5, gammafunk_ghost_nasty_kobolds,
          corexii_checkpoint
D:14:     layout_cave_pools, serial_shops, nicolae_shop_waterfront,
          minmay_misc_feat_plants, kennysheep_generic_room_4
D:15:     hangedman_depths_entry_civil_slaughter, layout_loops_ring,
          gammafunk_ghost_cemetery, chequers_serial_rivers_room_a,
          serial_nicolae_subway, nicolae_sub_station_crystal,
          nicolae_sub_station_metal, nicolae_sub_station_stone
Lair:1:   layout_loops_ring, lemuel_fruit_fields
Lair:2:   layout_layer_cave, spider_nest_entry_a, chequers_serial_rivers_small_b
Lair:3:   beast_lair_carwin_large_2, layout_cave_pods, elwin_shoals_entry_stream
Lair:4:   layout_regular_city, minmay_slime_entry_jelly_boxes
Lair:5:   gammafunk_lair_ancient_temple, layout_loops_ring, enter_volcano_3,
          uniq_nessos
Spider:1: nicolae_spider_mines_2, nicolae_spider_wall_of_niches
Spider:2: layout_cave_pods
Spider:3: layout_spider_delve, gammafunk_ghost_split,
          nicolae_spider_claw_tunnel, uniq_arachne
Spider:4: guppyfry_spider_rune, drop_trap
Orc:1:    cheibrodos_orc_guarddog, layout_caves, serial_shops,
          nicolae_shop_just_a_little_nook
Orc:2:    grunt_orc_gardens, layout_caves, grunt_orc_garden, grunt_orc_garden,
          grunt_orc_garden, grunt_orc_garden, serial_shops, shop,
          regret_index_minedec_shroomtown_chain,
          chequers_guarded_unrand_ignorance
Elf:1:    nicolae_elf_arrival_fired_up, layout_geoelf_grid,
          nicolae_elf_crossing_hall, nicolae_elf_theology_debate, uniq_asterion,
          uniq_azrael, uniq_frances
Elf:2:    elven_hall_of_blades_hangedman_original [grunt_blade_entry_basic],
          layout_gridlike, minmay_shop_star
Elf:3:    elf_hall, layout_loops_corners, ebering_ghost_xom, minivault_24
Vaults:1: vaults_mumra_bighexcomb, v_misc_33, nicolae_vaults_sightless_eye,
          vaults_mumra_hexcomb, v_misc_8, vaults_room_hallway,
          hangedman_vaults_stagger, nicolae_vaults_closet_pinwheel_5,
          nicolae_vaults_windows_and_doors_thing, nicolae_vaults_double_plus_2,
          ontoclasm_vaults_idyll, v_alt_pattern_1, v_misc_24,
          layout_vaults_maze_bifur, uniq_norris
Vaults:2: hangedman_vaults_slither, nicolae_vaults_apartment_1,
          nicolae_vaults_wrenched, minmay_crypt_entry_simple_round,
          grunt_vaults_funnel, v_misc_33, nicolae_vaults_tetromino_Z_2,
          nicolae_vaults_enemy_cabinets, nicolae_vaults_trapezoid_2,
          vaults_room_semicircle, nicolae_vaults_tetromino_T_2,
          nicolae_vaults_trapezoid_2, layout_vaults_omnigrid, serial_shops, shop
Vaults:3: grunt_vaults_hallway_long, v_misc_2, nicolae_vaults_hexular_roomagon,
          hangedman_vaults_restitches, vaults_mumra_chevron_long,
          nicolae_vaults_apartment_2, vaults_room_boxed,
          nicolae_vaults_circle_grid_a, nicolae_vaults_trapezoid_lopsided_2,
          vaults_mumra_minichess_inversion, nicolae_vaults_storage_closets_1,
          layout_vaults_ring, serial_shops, bzr_entry_water
Vaults:4: nicolae_vaults_double_plus_3, nicolae_vaults_storage_closets_3,
          nicolae_vaults_diamond_1, gammafunk_dig_for_victory,
          nicolae_vaults_three_branches, ontoclasm_vaults_decontamination,
          v_rooms_1, ontoclasm_vaults_claustrophobia, vaults_room_semicircle,
          nicolae_vaults_alarming, vaults_room_grid, v_misc_23,
          hangedman_vaults_pinch, vaults_room_door_ring, layout_vaults_omnibox,
          serial_shops, nicolae_shop_tiny_real_fake_doors, uniq_donald
Depths:1: layout_roguey, hellmouth_3, mu_enter_wizlab_2, nicolae_the_louvre,
          serial_shops, kennysheep_mini_moat, rand_demon_pan_entry_8,
          trog_three_pillars_becter
WizLab:   wizlab_golubria

Skill      XL: |  1  2  3  4  5  6  7  8  9 10 11 12 13 14 15 16 17 18 19 20 21 22 23 |
---------------+----------------------------------------------------------------------+-----
Spellcasting   | 1 2 3 4 5 6 7 8 9 10 11 | 11.9
Conjurations   | 1 2 3 4 5 6 7 8 9 10 11 | 11.9
Hexes          | 1 2 3 4 5 6 7 8 9 10 11 | 11.9
Summonings     | 1 2 3 4 5 6 7 8 9 10 11 | 11.9
Necromancy     | 1 2 3 4 5 6 7 8 9 10 11 | 11.9
Translocations | 1 2 3 4 5 6 7 8 9 10 11 | 11.9
Fire Magic     | 1 2 3 4 5 6 7 8 9 10 11 | 11.9
Ice Magic      | 1 2 3 4 5 6 7 8 9 10 11 | 11.9
Air Magic      | 1 2 3 4 5 6 7 8 9 10 11 | 11.9
Earth Magic    | 1 2 3 4 5 6 7 8 9 10 11 | 11.9
Alchemy        | 1 2 3 4 5 6 7 8 9 10 11 | 11.9
Long Blades    | 3 4 5 6 7 8 9 10 11 13 15 16 | 16.4
Armour         | 2 3 4 5 6 7 9 10 12 13 14 15 | 15.1
Dodging        | 3 4 5 7 8 9 10 11 | 11.0
Evocations     | 1 2 3 4 5 6 7 8 9 |  9.9
Fighting       | 4 5 6 7 8 9 10 11 12 13 | 13.8
Shields        | 1 4 6 7 8 9 10 | 10.3
Shapeshifting  | 2 5 8 11 14 17 19 | 19.5

Action                     |  1- 3 |  4- 6 |  7- 9 | 10-12 | 13-15 | 16-18 | 19-21 | 22-24 || total
---------------------------+-------+-------+-------+-------+-------+-------+-------+-------++-------
  Melee: Falchion          |    81 |   151 |   247 |       |       |       |       |       ||   479
         Double sword      |       |       |   102 |   565 |   994 |  1135 |  1680 |  1043 ||  5519
         Unarmed           |       |       |       |       |       |       |       |     3 ||     3
   Cast: Foxfire           |       |       |     3 |       |       |       |       |       ||     3
         Call Canine Famil |       |       |       |       |       |     3 |       |       ||     3
  Evoke: Wand              |       |       |       |     1 |     2 |     4 |       |     3 ||    10
         Lightning rod     |       |       |       |       |       |       |       |     8 ||     8
         Phial of floods   |       |       |       |       |       |       |       |     1 ||     1
    Use: Scroll            |       |     6 |     7 |     8 |    10 |     8 |     5 |     6 ||    50
         Potion            |       |       |     1 |       |       |       |       |     1 ||     2
   Stab: Sleeping          |       |     2 |     2 |       |       |       |       |       ||     4
         Confused          |       |     3 |     8 |     1 |     2 |     3 |    14 |    20 ||    51
         Petrified         |       |       |    12 |       |     1 |       |     6 |     2 ||    21
         Petrifying        |       |       |     3 |       |       |       |       |       ||     3
         Distracted        |       |       |     1 |       |     1 |     3 |     3 |     1 ||     9
         Invisible         |       |       |       |       |     1 |       |       |     2 ||     3
         Paralysed         |       |       |       |       |       |     3 |     3 |       ||     6
 Armour: Leather armour    |    54 |    69 |   311 |   202 |       |       |       |       ||   636
         Skin              |       |       |    13 |       |       |       |       |     4 ||    17
         Plate armour      |       |       |       |   637 |  1094 |  1572 |  1640 |  1037 ||  5980
  Dodge: Dodged            |    56 |    95 |   375 |   301 |   427 |   640 |   689 |   319 ||  2902
  Block: Other             |       |    27 |    80 |    38 |       |       |       |       ||   145
         Kite shield       |       |       |       |   660 |   126 |       |       |       ||   786
         Buckler           |       |       |       |       |   733 |  1119 |  1202 |   537 ||  3591

Table legend: (Time is in decaauts)
 A = Elapsed time spent in this place.
 B = Non-inter-level travel time spent in this place.
 C = Inter-level travel time spent in this place.
 D = Time resting spent in this place.
 E = Time spent auto-exploring this place.
 F = Levels seen in this place.
 G = Mean time per level.
                   A        B        C        D        E       F      G
               +--------+--------+--------+--------+--------+-----+--------+
         Total |  34433 |  32515 |   1918 |   3198 |  18849 |  42 |  819.8 |
       Dungeon |  14479 |  13641 |    838 |   3046 |   7272 |  15 |  965.3 |
          Lair |   4287 |   4053 |    234 |     25 |   2864 |   5 |  857.4 |
   Spider Nest |   3723 |   3539 |    184 |      8 |   2102 |   4 |  930.8 |
  Orcish Mines |   1590 |   1431 |    159 |      9 |    893 |   2 |  795.0 |
   Elven Halls |   3042 |   2860 |    182 |     49 |   1821 |   3 | 1014.0 |
        Vaults |   5298 |   4979 |    319 |     59 |   3098 |   4 | 1324.5 |
        Depths |    269 |    269 |      0 |      0 |      7 |   1 |  269.0 |
        Bazaar |     47 |     47 |      0 |      0 |     42 |   1 |   47.0 |
         Trove |     69 |     69 |      0 |      0 |     17 |   1 |   69.0 |
         Sewer |    105 |    105 |      0 |      0 |     39 |   1 |  105.0 |
       Ossuary |    229 |    229 |      0 |      0 |     96 |   1 |  229.0 |
        Bailey |    204 |    204 |      0 |      0 |     65 |   1 |  204.0 |
       Volcano |    340 |    340 |      0 |      2 |    151 |   1 |  340.0 |
        Wizlab |    306 |    306 |      0 |      0 |    186 |   1 |  306.0 |
      Gauntlet |    439 |    439 |      0 |      0 |    195 |   1 |  439.0 |
               +--------+--------+--------+--------+--------+-----+--------+

Top non-repeatable levels by time:
     D:1: 3440 daAuts
Vaults:4: 1617 daAuts
Vaults:2: 1499 daAuts
   Elf:3: 1367 daAuts
Spider:3: 1233 daAuts
Vaults:3: 1094 daAuts
Spider:2: 1089 daAuts
Vaults:1: 1086 daAuts
     D:7: 1057 daAuts
    D:15: 994 daAuts
   Orc:2: 993 daAuts
  Lair:2: 938 daAuts
  Lair:4: 933 daAuts
     D:9: 928 daAuts
     D:4: 878 daAuts
